 Dungeon Sprint DCSS version 0.31-a0-844-gdc52ec4e09 (webtiles) character file.

Game seed: 15575545370452460818

27 sircluck the Ruffian (level 2, -12/32 HPs)
             Began as a Troll Berserker on Sept 29, 2023.
             Was a Follower of Trog.
             Killed from afar by a deep elf zephyrmancer (33 damage)
             ... with a bolt of lightning
             ... in the Dungeon (Sprint VII: "The Pits").
             The game lasted 00:00:22 (26 turns).

sircluck the Ruffian (Troll Berserker)                Turns: 26, Time: 00:00:23

Health: -12/32     AC:  4    Str: 24    XL:     2   Next: 93%
Magic:  1/1        EV: 10    Int:  3    God:    Trog [*.....]
Gold:   0          SH:  0    Dex:  9    Spells: 1/1 levels left

rFire   . .          .
                       - Unarmed
rCold   . . .        (no shield)
rNeg    . . .        a - +0 animal skin
rPois   .            (helmet restricted)
rElec   .            (no cloak)
rCorr   .            (gloves unavailable)
SInv    .            (boots unavailable)
Will    .....        (no amulet)
Stlth   +            (no ring)
HPRegen 1.05/turn    (no ring)
MPRegen 0.07/turn

%: no teleportation
@: no status effects
A: large, unfitting armour, claws 3, regeneration 1, shaggy fur 1, tough skin 1
a: Renounce Religion, Berserk


You were in the Dungeon.
You worshipped Trog.
Trog was aware of your devotion.
You visited 1 branch

Inventory:

Armour
 a - a +0 animal skin (worn)
Scrolls
 g - a scroll of blinking
Potions
 b - a potion of curing
 c - a potion of heal wounds
 d - a potion of haste
 e - 2 potions of magic
 f - a potion of berserk rage


   Skills:
 + Level 3.7 Fighting
 + Level 3.7 Dodging
 + Level 4.5 Unarmed Combat


You had one spell level left.
You didn't know any spells.
Your spell library was empty.

Dungeon Overview and Level Annotations

Branches:
Dungeon (1/1)

Altars:


Innate Abilities, Weirdness & Mutations

You are too large for most types of armour.
You have claws for hands.
Your natural rate of healing is unusually fast.
You are covered in fur. (AC +1)
You have tough skin. (AC +1)


Message History

No target in view!
You open the door.
There is an open door to the Entrance Hall (Safe) here.
You open the huge gate.
There is a huge open gate to the Metal Vault (Medium) here.
There is a huge open gate to the Metal Vault (Medium) here.
An iron imp and a deep elf zephyrmancer come into view.
The iron imp shouts!
The deep elf zephyrmancer shouts!
You claw the iron imp!
The iron imp is heavily wounded.
You claw the iron imp!
You kill the iron imp!
Trog accepts your kill.
Your Fighting skill increases to level 3!
Your Dodging skill increases to level 3!
Your Unarmed Combat skill increases to level 4!
You have reached level 2!
Unknown command.
Unknown command.
Unknown command.
You completely miss the deep elf zephyrmancer.
The deep elf zephyrmancer hits you with a +0 long sword.
You claw the deep elf zephyrmancer!
The deep elf zephyrmancer is moderately wounded.
The deep elf zephyrmancer hits you with a +0 long sword.
You claw the deep elf zephyrmancer!
The deep elf zephyrmancer is heavily wounded.
The deep elf zephyrmancer hits you with a +0 long sword.
You completely miss the deep elf zephyrmancer.
The deep elf zephyrmancer is heavily wounded.
The deep elf zephyrmancer gestures at you while chanting.
The bolt of lightning misses you.
You hear a shout! x2; You hear a roar!
You barely miss the deep elf zephyrmancer.
The deep elf zephyrmancer is heavily wounded.
You hear two shouts!
The deep elf zephyrmancer casts a spell at you.
The bolt of lightning hits you!!
Ouch! That really hurt!
You die...

#................+
+................+
#......#..#......#
#................#
####'#####''######
#.......##''#
#.......##..##
#.......##...##
#...<...###@..#
#.......#
##e......
#.......# ..###+##
#.......# .##
######### 5e ..
##.


You could see a deep elf zephyrmancer.

Vanquished Creatures
  An iron imp (D)
1 creature vanquished.

Notes
Turn   | Place    | Note
-------+----------+-------------------------------------------
     0 | D        | sircluck the Troll Berserker began the quest for the Orb.
     0 | D        | Reached XP level 1. HP: 22/22 MP: 0/0
    16 | D        | Noticed an iron imp
    16 | D        | Noticed a deep elf zephyrmancer
    21 | D        | Killed an iron imp
    22 | D        | Reached skill level 4 in Unarmed Combat
    22 | D        | Reached XP level 2. HP: 32/32 MP: 1/1
    26 | D        | Killed from afar by a deep elf zephyrmancer

Illustrated notes

Levels and vault maps discovered:
D:        pitsprint [storerooms_1, entrance_room_1, metal_vault_5, armoury_2,
          mini_pit_1, grid_room_1, main_hall_1, silver_pit, the_coven_1,
          the_vestibule_1, steel_vault_5, golden_pit, hallway_of_sentries,
          crystal_vault_4, iron_vault_4, final_vault]

Skill      XL: |  1 |
---------------+----+-----
Fighting       | 3 |  3.7
Dodging        | 3 |  3.7
Unarmed Combat | 4 |  4.5

Action                     || total
---------------------------++-------
  Melee: Unarmed           ||     7
 Armour: Animal skin       ||     4
  Dodge: Dodged            ||     1

Table legend: (Time is in decaauts)
 A = Elapsed time spent in this place.
 B = Non-inter-level travel time spent in this place.
 C = Inter-level travel time spent in this place.
 D = Time resting spent in this place.
 E = Time spent auto-exploring this place.
 F = Levels seen in this place.
 G = Mean time per level.
                   A        B        C        D        E       F      G
               +--------+--------+--------+--------+--------+-----+--------+
         Total |     25 |     25 |      0 |      0 |     16 |   1 |   25.0 |
       Dungeon |     25 |     25 |      0 |      0 |     16 |   1 |   25.0 |
               +--------+--------+--------+--------+--------+-----+--------+

Top non-repeatable levels by time:
       D: 25 daAuts
